Map: Goldenaura LE

Players

Roomba - Winner!

  • Race: Terran Terran
  • League: Master
  • Spawn Location: 5:00

Heaven

  • Race: Protoss Protoss
  • League: Master
  • Spawn Location: 12:00

VOD

Have the link to the VOD?

Description

Time

  • Played on: April 1, 2024, 10:05 p.m.
  • Length: 21:08
Show
View Real Time Build Order
Export as new Build Order

Roomba Terran - Winner!

Build Orders: Gas First Reaper Expand, Mech 

Get SALT Encoding   

  12  0:02  SCV  
  13  0:15  SCV  
  13  0:19  Supply Depot  
  14  0:27  SCV  
  15  0:32  Refinery  
  15  0:41  SCV  
  16  0:45  Barracks  
  16  0:53  SCV  
  17  1:05  SCV  
  18  1:17  SCV  
  19  1:32  Reaper  
  20  1:33  Orbital Command  
  20  1:47  Command Center  
  20  1:56  Factory  
  20  2:00  SCV  
  21  2:10  Barracks Reactor  
  21  2:12  SCV  
  22  2:17  Supply Depot  
  22  2:18  Refinery  
  22  2:24  SCV  
  23  2:39  SCV  
  25  2:51  SCV  
  25  2:53  Hellion x2  
  29  2:58  Barracks Tech Lab  
  29  3:01  Orbital Command  
  29  3:04  SCV  
  30  3:16  SCV  
  30  3:18  Starport  
  31  3:29  SCV x2  
  31  3:30  Siege Tank  
  31  3:31  Marine x2  
  38  3:48  Marine  
  38  3:49  SCV x2, Marine  
  38  3:53  Supply Depot, Infernal Pre-Igniter  
  42  4:01  SCV x2  
  43  4:04  Armory  
  43  4:06  Armory  
  43  4:09  Marine x2  
  45  4:14  Refinery, Siege Tank  
  48  4:17  SCV x2  
  50  4:28  Supply Depot  
  50  4:29  SCV  
  50  4:30  SCV  
  52  4:31  Marine x2  
  54  4:49  SCV x2  
  54  4:50  Hellion  
  54  4:51  Supply Depot  
  54  4:52  Terran Vehicle And Ship Armor Level 1  
  58  4:56  Terran Vehicle Weapons Level 1  
  58  5:02  Command Center, SCV x2  
  58  5:05  Marine x2  
  62  5:11  Refinery  
  62  5:14  SCV  
  63  5:15  Factory  
  63  5:22  Factory  
  63  5:23  Viking  
  63  5:25  SCV  
  63  5:26  SCV  
  67  5:30  Supply Depot  
  67  5:36  Siege Tank  
  70  5:43  Supply Depot  
  70  5:52  SCV x2, Engineering Bay  
  70  5:54  Barracks Reactor  
  75  6:00  Viking  
  75  6:04  SCV x2, Supply Depot  
  76  6:14  Hellion x2, Siege Tank  
  76  6:15  Orbital Command  
  83  6:25  Missile Turret  
  83  6:28  Missile Turret  
  83  6:30  SCV x2  
  85  6:40  Hellion x2  
  85  6:43  Orbital Command  
  85  6:45  Starport Tech Lab  
  89  6:48  SCV  
  89  6:49  SCV  
  91  6:58  Siege Tank  
  91  6:59  Hellion x2  
  91  7:00  SCV  
  99  7:03  Refinery  
  99  7:05  Refinery, SCV  
  99  7:07  Supply Depot  
  100  7:09  Cyclone x2  
  100  7:10  Terran Vehicle And Ship Armor Level 2, Hurricane Engines  
  104  7:21  Bunker, SCV x2  
  106  7:25  Hellion x2  
  107  7:30  Hellion  
  107  7:32  SCV  
  107  7:44  Hellion x2  
  111  7:45  SCV x2  
  111  7:49  SCV  
  114  7:55  Supply Depot  
  114  7:57  SCV  
  114  7:58  Command Center  
  115  8:00  Supply Depot  
  115  8:02  SCV x2  
  117  8:16  SCV x2, Cyclone x2, Raven  
  117  8:18  Supply Depot  
  117  8:19  Supply Depot  
  125  8:21  Cyclone x2  
  125  8:22  SCV  
  130  8:28  Supply Depot  
  130  8:29  SCV x2, Sensor Tower  
  130  8:34  SCV  
  133  8:37  Supply Depot  
  133  8:39  Supply Depot  
  133  8:40  Cyclone  
  135  8:47  SCV x2  
  135  8:48  Missile Turret, SCV, Factory  
  138  8:50  Factory  
  138  8:53  Terran Vehicle Weapons Level 2  
  138  8:59  SCV x2  
  138  9:00  SCV  
  141  9:08  Missile Turret  
  141  9:11  Missile Turret x3  
  141  9:14  Engineering Bay  
  141  9:20  Cyclone x4  
  149  9:28  Supply Depot  
  149  9:29  SCV  
  149  9:30  SCV x2  
  152  9:38  Siege Tank  
  152  9:39  Raven  
  152  9:41  SCV  
  152  9:42  SCV  
  160  9:46  Planetary Fortress  
  160  9:48  Refinery, SCV, Hellion x14  
  160  9:53  Terran Vehicle And Ship Armor Level 3  
  160  9:54  SCV  
  160  9:56  Factory Tech Lab, Factory Reactor  
  160  9:59  Starport  
  161  10:01  Starport  
  161  10:03  Cyclone x4  
  161  10:06  SCV x2  
  171  10:08  Refinery  
  171  10:13  Interference Matrix  
  171  10:17  Thor  
  177  10:25  Missile Turret  
  177  10:27  Missile Turret  
  177  10:30  Thor  
  177  10:32  Raven  
  183  10:48  Command Center  
  183  10:51  Starport Reactor x2  
  183  11:01  SCV x2  
  181  11:04  Thor  
  181  11:06  Drilling Claws  
  187  11:11  Supply Depot  
  187  11:13  Supply Depot, Terran Vehicle Weapons Level 3  
  187  11:18  Cyclone  
  187  11:23  SCV  
  188  11:32  Viking x3  
  188  11:33  Cyclone  
  188  11:34  Viking  
  188  11:35  Cyclone  
  200  11:41  Supply Depot x2  
  200  11:45  Fusion Core  
  200  11:46  Cyclone  
  200  11:47  SCV, Cyclone  
  200  11:48  Viking  
  200  12:10  Cyclone  
  196  12:32  Cyclone x2  
  175  12:47  Cyclone x4, Viking  
  175  12:48  Viking x3  
  166  12:56  Siege Tank x2  
  164  12:58  SCV x2  
  164  12:59  SCV  
  152  13:05  Cyclone  
  152  13:06  Cyclone, Viking  
  156  13:19  Cyclone x3  
  142  13:24  Liberator  
  142  13:25  Liberator x3  
  131  13:32  Cyclone x3  
  128  13:39  Cyclone x2  
  120  13:41  SCV x2  
  117  13:51  SCV x2  
  117  13:53  SCV x2  
  119  14:01  Planetary Fortress  
  119  14:03  SCV x2  
  119  14:05  SCV x2  
  123  14:10  Siege Tank x2  
  123  14:15  SCV x2, Hellion x2  
  123  14:16  Widow Mine, Hellion  
  123  14:17  Widow Mine x2, SCV x2  
  143  14:20  Viking  
  147  14:27  SCV  
  147  14:28  SCV  
  149  14:34  Sensor Tower, Viking x3, Raven  
  149  14:37  Widow Mine, SCV x2  
  161  14:45  Cyclone x3  
  167  14:48  Siege Tank  
  167  14:49  Siege Tank  
  173  15:03  Missile Turret  
  173  15:05  Viking x2  
  173  15:06  Viking x2  
  181  15:08  Viking  
  181  15:11  SCV x3  
  186  15:18  Terran Ship Weapons Level 1  
  186  15:31  Cyclone x3  
  186  15:32  Cyclone x3  
  181  15:38  Cyclone  
  181  15:39  Viking x3  
  182  15:42  SCV  
  182  15:43  Refinery, SCV  
  182  15:45  Refinery  
  182  15:49  Viking  
  180  16:03  Cyclone x2  
  180  16:04  Cyclone x2, Viking  
  177  16:11  SCV x3  
  177  16:12  SCV x2  
  182  16:25  Cyclone x3  
  186  16:26  Cyclone, Viking x2  
  186  16:28  Missile Turret  
  194  16:35  Cyclone  
  194  16:37  Viking  
  194  16:38  Viking  
  200  16:47  Command Center  
  200  16:55  Ghost Academy, Barracks Tech Lab  
  198  17:04  Cyclone x2  
  195  17:23  Command Center  
  193  17:39  Cyclone  
  187  18:06  Terran Ship Weapons Level 2  
  185  18:18  Cyclone x4  
  188  18:25  Cyclone x4  
  188  18:26  SCV x2  
  192  18:27  SCV x3  
  191  18:37  Liberator x3  
  195  18:50  Cyclone x2  
  195  18:55  Widow Mine x2  
  188  18:56  SCV x3  
  187  19:04  Siege Tank x2  
  193  19:11  Planetary Fortress  
  193  19:33  Missile Turret  
  193  19:35  Missile Turret  
  193  19:36  Advanced Ballistics, Viking x3  
  187  20:17  Cyclone x4  
  187  20:18  Cyclone  
  183  20:33  Refinery  
  183  20:34  Refinery  
  170  20:36  Hellion  
  167  20:52  SCV  
  171  21:06  Unknown  
Show
View Real Time Build Order
Export as new Build Order

Heaven Protoss 

Build Orders: 1 Gate Expand, Carriers 

Get SALT Encoding   

  12  0:00  Probe  
  13  0:12  Probe  
  14  0:19  Pylon  
  14  0:24  Probe  
  15  0:37  Probe (Chrono Boost)  
  15  0:38  Gateway  
  16  0:47  Assimilator  
  16  0:48  Probe (Chrono Boost)  
  17  0:53  Probe (Chrono Boost)  
  18  1:03  Probe  
  19  1:15  Probe  
  20  1:25  Nexus  
  20  1:34  Cybernetics Core  
  20  1:37  Probe  
  21  1:42  Assimilator  
  21  1:49  Probe  
  21  1:53  Pylon  
  22  2:01  Probe  
  23  2:11  Sentry (Chrono Boost)  
  23  2:13  Probe  
  26  2:17  Warp Gate  
  26  2:24  Forge  
  26  2:25  Adept (Chrono Boost), Probe  
  29  2:37  Probe (Chrono Boost)  
  29  2:42  Probe (Chrono Boost)  
  31  2:48  Probe (Chrono Boost)  
  33  2:52  Probe (Chrono Boost)  
  33  2:55  Protoss Ground Armor Level 1  
  33  2:58  Probe (Chrono Boost)  
  35  2:59  Probe (Chrono Boost)  
  35  3:04  Probe (Chrono Boost)  
  35  3:05  Probe (Chrono Boost)  
  36  3:10  Twilight Council  
  37  3:16  Probe  
  37  3:17  Probe  
  37  3:19  Gateway  
  39  3:22  Adept (Chrono Boost)  
  39  3:23  Shield Battery  
  41  3:32  Gateway  
  41  3:33  Probe  
  42  3:36  Probe  
  42  3:44  Charge (Chrono Boost)  
  40  3:48  Probe  
  40  3:49  Probe  
  41  4:00  Probe  
  41  4:01  Probe, Gateway  
  43  4:06  Robotics Facility  
  43  4:12  Probe  
  45  4:17  Pylon  
  45  4:25  Probe  
  45  4:26  Probe  
  45  4:28  Nexus  
  46  4:32  Pylon  
  46  4:36  Sentry  
  46  4:37  Sentry  
  46  4:38  Probe x2  
  51  4:41  Assimilator  
  52  4:50  Probe  
  52  4:51  Probe  
  54  4:52  Observer  
  54  4:53  Pylon  
  54  4:56  Shield Battery  
  54  4:57  Zealot  
  57  5:01  Zealot  
  57  5:02  Zealot  
  57  5:04  Probe  
  62  5:10  Observer  
  62  5:11  Pylon, Probe  
  64  5:16  Probe  
  65  5:23  Probe  
  65  5:28  Probe  
  67  5:31  Protoss Ground Weapons Level 1  
  67  5:35  Probe  
  68  5:36  Probe  
  68  5:37  Blink (Chrono Boost)  
  68  5:38  Nexus  
  68  5:39  Probe  
  69  5:45  Probe  
  69  5:46  Pylon  
  69  5:47  Probe x2  
  72  5:54  Probe  
  72  5:55  Warp Prism (Chrono Boost)  
  76  5:58  Probe  
  76  5:59  Probe  
  78  6:06  Probe  
  78  6:07  Pylon  
  78  6:10  Probe  
  80  6:11  Probe  
  81  6:18  Probe  
  81  6:20  Assimilator  
  81  6:23  Assimilator, Robotics Facility, Observer  
  81  6:24  Robotics Facility, Probe  
  84  6:27  Gateway  
  84  6:28  Probe, Gateway  
  84  6:30  Probe  
  86  6:36  Probe  
  86  6:37  Gateway  
  86  6:38  Gateway  
  87  6:40  Probe  
  87  6:43  Probe  
  89  6:48  Probe  
  89  6:50  Probe, Gateway  
  89  6:51  Gateway  
  89  6:52  Probe  
  92  6:55  Zealot x3  
  92  6:57  Zealot  
  100  7:06  Probe  
  100  7:08  Probe  
  102  7:09  Probe  
  102  7:10  Probe  
  104  7:19  Immortal x2 (Chrono Boost)  
  104  7:20  Probe, Immortal (Chrono Boost)  
  117  7:24  Observer  
  117  7:29  Probe x2  
  119  7:31  Nexus  
  119  7:32  Pylon, Protoss Ground Weapons Level 2 (Chrono Boost)  
  111  7:38  Forge  
  111  7:40  Probe (Chrono Boost)  
  112  7:45  Probe (Chrono Boost)  
  112  7:46  Probe (Chrono Boost)  
  115  7:52  Pylon  
  115  7:53  Probe (Chrono Boost)  
  115  7:55  Immortal x2  
  115  7:58  Probe (Chrono Boost), Immortal  
  128  8:06  Probe  
  128  8:07  Probe  
  128  8:09  Observer  
  128  8:10  Assimilator  
  128  8:11  Assimilator  
  130  8:18  Protoss Air Weapons Level 1 (Chrono Boost), Stargate  
  130  8:19  Probe, Stargate  
  132  8:20  Probe  
  132  8:21  Stargate  
  132  8:23  Assimilator  
  132  8:24  Stargate  
  132  8:28  Photon Cannon  
  132  8:30  Photon Cannon, Stalker  
  132  8:31  Stalker x3  
  140  8:44  Probe  
  140  8:47  Probe  
  142  8:50  Pylon  
  142  8:51  Assimilator, Pylon x2  
  142  8:52  Assimilator  
  142  9:00  Immortal x3  
  154  9:06  Fleet Beacon  
  158  9:11  Observer  
  158  9:12  Void Ray (Chrono Boost)  
  158  9:15  Void Ray (Chrono Boost)  
  162  9:20  Void Ray (Chrono Boost)  
  162  9:22  Void Ray (Chrono Boost)  
  169  9:33  Pylon  
  169  9:34  Pylon  
  169  9:35  Pylon  
  168  9:41  Cybernetics Core  
  168  9:49  Carrier x3 (Chrono Boost)  
  186  9:56  Nexus  
  186  9:58  Carrier (Chrono Boost)  
  192  10:11  Protoss Shields Level 1  
  192  10:24  Pylon  
  192  10:27  Pylon  
  192  10:34  Protoss Air Weapons Level 2 (Chrono Boost)  
  196  10:41  Mothership  
  192  10:44  Zealot x3  
  192  10:45  Zealot  
  200  10:52  Nexus  
  183  11:10  Nexus  
  183  11:11  Pylon  
  183  11:13  Pylon  
  183  11:15  Pylon  
  183  11:16  Pylon  
  177  11:23  Carrier x2 (Chrono Boost)  
  177  11:24  Robotics Bay  
  169  11:27  Carrier (Chrono Boost)  
  169  11:29  Carrier (Chrono Boost)  
  192  11:52  Protoss Air Armor Level 1 (Chrono Boost)  
  175  12:08  Zealot x3  
  175  12:09  Zealot x7  
  182  12:23  Carrier x2  
  182  12:24  Carrier  
  170  12:54  Carrier (Chrono Boost)  
  176  13:06  Probe x2  
  176  13:07  Probe  
  176  13:08  Probe  
  175  13:15  Zealot x7  
  175  13:16  Zealot  
  175  13:18  Probe  
  162  13:27  Carrier x2 (Chrono Boost)  
  144  13:44  Carrier (Chrono Boost)  
  136  13:50  Probe x2  
  136  13:51  Probe  
  136  13:55  Carrier (Chrono Boost)  
  141  14:06  Templar Archives  
  141  14:13  Probe x3 (Chrono Boost)  
  141  14:16  Probe (Chrono Boost)  
  146  14:17  Probe (Chrono Boost)  
  146  14:24  Protoss Air Weapons Level 3 (Chrono Boost)  
  147  14:25  Probe (Chrono Boost)  
  147  14:27  Probe x2 (Chrono Boost)  
  147  14:28  Probe (Chrono Boost)  
  156  14:42  Mothership (Chrono Boost)  
  156  14:44  High Templar x5  
  156  14:45  Probe (Chrono Boost)  
  167  14:50  Archon x2  
  167  14:52  High Templar x4  
  157  14:54  High Templar  
  157  14:57  Archon x2  
  157  14:59  Archon  
  157  15:11  Probe  
  157  15:12  Probe x2  
  157  15:13  Protoss Air Armor Level 2 (Chrono Boost)  
  160  15:23  Probe  
  160  15:24  Probe x2  
  160  15:27  Psionic Storm  
  119  15:43  Probe x3  
  119  15:44  Nexus  
  119  15:49  High Templar  
  124  15:50  High Templar  
  124  15:54  Probe  
  124  15:55  Probe x3  
  118  15:58  Archon  
  118  16:03  High Templar x8  
  128  16:06  Probe  
  128  16:07  Archon x2  
  128  16:08  Probe x3  
  132  16:12  Pylon  
  132  16:21  Probe  
  132  16:22  High Templar x2  
  137  16:28  Archon  
  136  16:38  Observer (Chrono Boost)  
  139  16:45  Observer x2 (Chrono Boost)  
  139  16:46  Zealot x5  
  139  16:47  Zealot x3  
  155  16:58  Nexus  
  153  17:04  Probe  
  140  17:09  Pylon  
  140  17:13  High Templar x7  
  153  17:19  Archon x3  
  145  17:39  High Templar x2  
  145  17:43  Zealot  
  148  17:48  Zealot x7  
  130  18:25  Immortal x3 (Chrono Boost)  
  142  18:33  Probe x2  
  142  18:41  Nexus  
  136  18:55  Immortal x3 (Chrono Boost)  
  128  19:05  Probe  
  129  19:10  Pylon  
  129  19:12  High Templar x4  
  137  19:18  Archon x2  
  137  19:27  Probe  
  137  19:30  Shield Battery  
  138  19:33  Photon Cannon  
  138  19:38  Photon Cannon  
  138  19:44  High Templar  
  132  19:56  Zealot x3  
  130  20:08  Archon  
  112  20:41  Zealot x3  
  112  20:42  Zealot x7  
Tags
 
Add a new tag
Caveats
  • Supply blocks, unpowered buildings, or Contaminate may cause inaccurate times.
  • Supply counts are checked every 10 seconds.